 Dungeon Crawl Stone Soup version 0.17.0-28-g6e173f8 (webtiles) character file.

5823 Ithica the Protected (level 10, -3/86 HPs)
             Began as a Minotaur Fighter on Nov 24, 2015.
             Was a Follower of Okawaru.
             Slain by an ogre
             ... wielding a +0 giant club
              (16 damage)
             ... on level 11 of the Dungeon.
             The game lasted 00:49:17 (11981 turns).

Ithica the Protected (Minotaur Fighter)            Turns: 11981, Time: 00:49:17

Health: -3/86      AC: 13    Str: 23    XL:     10   Next: 51%
Magic:  9/9        EV:  7    Int:  5    God:    Okawaru [*.....]
Gold:   430        SH: 11    Dex: 11    Spells: 0 memorised, 9 levels left

rFire  . . .     SeeInvis +     Y - +3 flail
rCold  + . .     Clarity  +     J - +0 plate armour
rNeg   . . .     SustAt   .     c - +0 shield
rPois  +         Gourm    .     (helmet restricted)
rElec  .         Spirit   .     C - -2 cloak
rCorr  .         Warding  .     (no gloves)
rMut   .         Stasis   .     (no boots)
MR     .....                    U - amulet of rage
Stlth  ..........               j - ring of poison resistance
                                T - ring of see invisible

@: heavily drained, not resistant to hostile enchantments, extremely unstealthy
A: retaliatory headbutt, horns 2, blurry vision 1, clarity, cold resistance 1
a: Heroism, Renounce Religion, Evoke Berserk Rage


You were on level 11 of the Dungeon.
You worshipped Okawaru.
Okawaru was aware of your devotion.
You were not hungry.

You visited 2 branches of the dungeon, and saw 12 of its levels.

You collected 791 gold pieces.
You spent 361 gold pieces at shops.

Inventory:

Hand Weapons
 Y - a +3 flail (weapon)
Armour
 c - a +0 shield (worn)
 C - a -2 cloak (worn)
 J - a +0 plate armour (worn)
Magical Staves
 P - a cursed staff of conjuration {unknown}
Jewellery
 f - a +3 ring of intelligence
 j - a ring of poison resistance (right hand)
 T - a ring of see invisible (left hand)
 U - an amulet of rage (around neck)
Wands
 t - a wand of lightning (3)
 W - a wand of cold (0)
Scrolls
 a - a scroll of vulnerability {unknown}
 g - 4 scrolls of remove curse
 o - 4 scrolls of noise
 p - 9 scrolls of identify
 s - a scroll of enchant weapon
 w - 2 scrolls of fear
 x - a scroll of enchant armour
 F - 2 scrolls of amnesia
 I - 2 scrolls of teleportation
 Q - 2 scrolls of blinking
 X - a scroll of torment {unknown}
 Z - a scroll of summoning {unknown}
Potions
 d - 4 potions of might
 e - a potion of magic {unknown}
 h - a potion of lignification
 i - a potion of ambrosia {unknown}
 u - 2 potions of brilliance
 z - a potion of flight {unknown}
 E - a potion of agility {unknown}
 H - a potion of mutation
 O - a potion of haste
 V - a potion of berserk rage
Books
 m - a book of the Dragon

   Spells                             Type                      Level
   a - Flame Tongue                   Conjuration/Fire             1
   b - Cause Fear                     Hexes                        4
   c - Bolt of Fire                   Conjuration/Fire             6
   d - Dragon Form                    Transmutation                7
   e - Dragon's Call                  Summoning                    9
 R - a book of Conjurations

   Spells                             Type                      Level
   a - Magic Dart                     Conjuration                  1
   b - Searing Ray                    Conjuration                  2
   c - Dazzling Spray                 Conjuration/Hexes            3
   d - Fulminant Prism                Conjuration/Hexes            4
   e - Iskenderun's Mystic Blast      Conjuration                  4
   f - Iskenderun's Battlesphere      Conjuration/Charms           5
Comestibles
 r - 6 bread rations
 v - 3 meat rations
 K - a royal jelly


   Skills:
 + Level 7.5(5.4) Fighting
   Level 4.7(2.8) Long Blades
 + Level 7.7(5.6) Maces & Flails
 + Level 10.7(8.4) Armour
 + Level 5.7(3.7) Dodging
 + Level 10.2(8.0) Shields
 + Level 0.6(0.0) Evocations


You had 9 spell levels left.
You didn't know any spells.

Dungeon Overview and Level Annotations

Branches:
Dungeon (11/15)            Temple (1/1) D:6
   Lair: D:8-11         Orc: D:9-12

Altars:
Ashenzari
Cheibriados
Dithmenos
Elyvilon
Fedhas
Gozag
Kikubaaqudgha
Makhleb
Nemelex Xobeh
Okawaru
Qazlal
Ru
Sif Muna
Trog
Vehumet
Xom
Yredelemnul
Zin
The Shining One

Shops:
D:4 ?   D:5 (%   D:7 }

Annotations:
D:10 Nergalle


Innate Abilities, Weirdness & Mutations

You reflexively headbutt those who attack you in melee.
You have a pair of horns on your head.
Scrolls take you a little longer to read.
You possess an exceptional clarity of mind.
Your flesh is cold resistant.


Message History

Your headbutt misses the ogre.
The ogre is severely wounded.
You block the ogre's attack.
The orc priest invokes the aid of Beogh against you.
Something smites you!
* * * LOW HITPOINT WARNING * * *
You hear a shout! x3
You hear the loud crackling of a very distant melting archway.
An orc comes into view. It is wielding a mace.
There is an open door here.
Really read with blurry vision while enemies are nearby? [Y]es or [N]o only, please.
Really read with blurry vision while enemies are nearby? [Y]es or [N]o only, please.
Really read with blurry vision while enemies are nearby? [Y]es or [N]o only, please.
Really read with blurry vision while enemies are nearby?
You begin reading the scroll.
You continue reading the scroll.
The ogre hits you with a giant club!
You die...

#########+######
#.........)<...#
#..............##.
#..................
#.........(.....#..
#...).(((.......# .
#..O@..........##
##o#############
#..########
##.Oo)o.oo#
########o# ..$ .o.#
o..# oo.'


You could see an ogre and an orc.

Vanquished Creatures
  Psyche (D:7)
  Prince Ribbit (D:8)
  A deep elf mage (D:9)
  2 hippogriffs
  A hungry ghost (D:10)
  5 sky beasts
  A wasp (D:7)
  9 ogres
  2 orc warriors
  5 centaurs
  3 phantoms
  3 giant frogs
  A big kobold (D:10)
  A water moccasin zombie (D:9)
  4 scorpions
  3 killer bees (D:10)
  8 wights
  5 crimson imps
  A giant frog zombie (D:10)
  5 jellies
  3 iguanas
  8 orc priests
  A quasit (D:6)
  Ijyb (D:2)
  A hound (D:9)
  A giant frog skeleton (D:8)
  A hell rat (D:7)
  5 orc wizards
  11 worker ants
  A hound skeleton (D:5)
  13 adders
  11 gnolls
  9 river rats (D:7)
  3 shadow imps
  3 oozes
  2 worms (D:2)
  23 orcs
  A ball python (D:3)
  5 bats
  6 giant cockroaches
  9 goblins
  13 hobgoblins
  5 jackals
  8 kobolds
  3 quokkas
  7 giant geckos
  3 giant newts (D:4)
  A quokka skeleton (D:5)
  30 rats
  A bush (D:8)
251 creatures vanquished.

Notes
Turn   | Place    | Note
--------------------------------------------------------------
     0 | D:1      | Ithica the Minotaur Fighter began the quest for the Orb.
     0 | D:1      | Reached XP level 1. HP: 19/19 MP: 0/0
   189 | D:1      | Reached XP level 2. HP: 27/27 MP: 1/1
   406 | D:1      | Reached skill level 4 in Shields
   689 | D:2      | Found a blossoming altar of Fedhas.
   689 | D:2      | Found an ancient bone altar of Kikubaaqudgha.
   847 | D:2      | Reached XP level 3. HP: 33/33 MP: 2/2
   861 | D:2      | Noticed Ijyb
   883 | D:2      | Killed Ijyb
   883 | D:2      | Reached skill level 1 in Dodging
  1043 | D:2      | Reached XP level 4. HP: 18/40 MP: 3/3
  1260 | D:2      | Found a faded altar to an unknown god.
  1414 | D:2      | Found a sparkling altar of Nemelex Xobeh.
  2064 | D:3      | Reached XP level 5. HP: 35/47 MP: 4/4
  2497 | D:3      | Found a shattered altar of Ashenzari.
  2553 | D:4      | Noticed a phantom
  2557 | D:4      | Noticed an ogre
  2558 | D:4      | Found Yquts's Magic Scroll Shoppe.
  2604 | D:4      | Reached skill level 5 in Shields
  2745 | D:4      | Reached XP level 6. HP: 33/53 MP: 5/5
  2900 | D:4      | Bought a scroll of enchant armour for 97 gold pieces
  2947 | D:4      | Killed a phantom
  2947 | D:4      | Reached skill level 5 in Armour
  3214 | D:4      | Reached skill level 5 in Fighting
  3344 | D:4      | Reached XP level 7. HP: 44/61 MP: 6/6
  3691 | D:3      | Killed an ogre
  3753 | D:5      | Entered Level 5 of the Dungeon
  3918 | D:5      | Reached skill level 1 in Maces & Flails
  3918 | D:5      | Reached skill level 6 in Shields
  4367 | D:5      | Found a sacrificial altar of Ru.
  4561 | D:5      | Found Kaduuguf's Food Shoppe.
  4566 | D:5      | Bought a royal jelly for 20 gold pieces
  4566 | D:5      | Bought a beef jerky for 15 gold pieces
  4566 | D:5      | Bought a slice of pizza for 15 gold pieces
  4566 | D:5      | Bought a slice of pizza for 15 gold pieces
  4566 | D:5      | Bought a slice of pizza for 15 gold pieces
  4582 | D:5      | Found Soabej's Weapon Boutique.
  4588 | D:5      | Bought a +2 dire flail of protection for 184 gold pieces
  4970 | D:5      | Reached XP level 8. HP: 65/69 MP: 7/7
  5160 | D:6      | Reached skill level 7 in Armour
  5207 | D:6      | Found a staircase to the Ecumenical Temple.
  5220 | Temple   | Entered the Ecumenical Temple
  5639 | D:6      | Found a stormy altar of Qazlal.
  5641 | D:6      | Found a bloodstained altar of Trog.
  5682 | D:6      | Found a basalt altar of Yredelemnul.
  5943 | D:7      | Reached skill level 8 in Armour
  6100 | D:7      | Found a sparkling altar of Nemelex Xobeh.
  6504 | D:7      | Reached XP level 9. HP: 64/75 MP: 8/8
  6612 | D:7      | Found Setim's Gadget Emporium.
  7010 | D:7      | Reached skill level 5 in Maces & Flails
  7010 | D:7      | Reached skill level 5 in Dodging
  7692 | D:7      | Reached skill level 9 in Armour
  7784 | D:7      | Gained mutation: You possess an exceptional clarity of mind. [potion of mutation]
  7784 | D:7      | Gained mutation: Scrolls take you a little longer to read. [potion of mutation]
  7784 | D:7      | Gained mutation: Your flesh is cold resistant. [potion of mutation]
  7788 | D:8      | Noticed Psyche
  7825 | D:7      | Killed Psyche
  8237 | D:8      | Found a burning altar of Makhleb.
  8237 | D:8      | Found a radiant altar of Vehumet.
  8369 | D:8      | Noticed Prince Ribbit
  8383 | D:8      | Killed Prince Ribbit
  8588 | D:8      | Found a stormy altar of Qazlal.
  8669 | D:8      | Found a glowing silver altar of Zin.
  8670 | D:8      | Found an iron altar of Okawaru.
  8689 | D:8      | Found a shimmering altar of Xom.
  8696 | D:8      | Became a worshipper of Warmaster Okawaru
  9088 | D:9      | Reached skill level 10 in Armour
  9346 | D:9      | Reached XP level 10. HP: 79/84 MP: 9/9
  9607 | D:10     | Entered Level 10 of the Dungeon
  9638 | D:10     | Noticed Nergalle
 10154 | D:10     | Reached * piety under Okawaru
 10966 | D:9      | Noticed a spectral orc warlord
 10968 | D:9      | Reached skill level 10 in Shields
 11400 | D:11     | HP: 3/129 [hippogriff (5)]
 11414 | D:11     | HP: 6/129 [phantom (5)]
 11981 | D:11     | Slain by an ogre

Action                   |  1- 3 |  4- 6 |  7- 9 | 10-12 || total
-------------------------+-------+-------+-------+-------++-------
Melee: Long sword        |   104 |   156 |       |       ||   260
       Flail             |       |     8 |   442 |   256 ||   706
Invok: Heroism           |       |       |       |     2 ||     2
Evoke: Wand              |       |     1 |       |     2 ||     3
  Use: Scroll            |       |     6 |     8 |     2 ||    16
       Potion            |       |     3 |     5 |     2 ||    10
  Eat: Bread ration      |       |     2 |       |       ||     2
       Chunk             |       |     1 |     1 |       ||     2
       Beef jerky        |       |       |     7 |     5 ||    12
       Pizza             |       |       |     3 |       ||     3
       Fruit             |       |       |     1 |     3 ||     4
       Royal jelly       |       |       |       |     2 ||     2
